Map: Canyon of Tribulation

Players

Irishsomo

  • Race: Terran Terran
  • League: Silver
  • Spawn Location: 12:00

BROKERONE

  • Race: Protoss Protoss
  • Spawn Location: 12:00

Positive

  • Race: Protoss Protoss
  • League: Diamond
  • Spawn Location: 3:00

Throwfordays - Winner!

  • Race: Protoss Protoss
  • League: Silver
  • Spawn Location: 6:00

Cthulhu - Winner!

  • Race: Protoss Protoss
  • Spawn Location: 7:00

Faust - Winner!

  • Race: Zerg Zerg
  • League: Diamond
  • Spawn Location: 6:00

VOD

Have the link to the VOD?

Description

Time

  • Played on: March 12, 2019, 10:35 p.m.
  • Length: 10:06
Show
View Real Time Build Order
Export as new Build Order

Irishsomo Terran 

Build Orders: 2 Factory 

Get SALT Encoding   

  12  0:13  SCV  
  13  0:25  SCV  
  14  0:31  Supply Depot  
  14  0:50  SCV  
  15  0:58  Refinery  
  15  1:01  Barracks  
  15  1:02  SCV  
  16  1:11  Barracks  
  16  1:15  SCV  
  17  1:20  Refinery  
  17  1:27  SCV  
  18  1:39  SCV  
  19  1:49  Supply Depot  
  19  1:51  SCV  
  20  1:55  Barracks Tech Lab  
  20  2:03  SCV  
  20  2:04  Marine  
  22  2:15  Factory  
  22  2:16  Marine  
  22  2:22  Marine  
  24  2:35  Marine  
  25  2:41  Barracks Reactor  
  25  2:43  Orbital Command  
  25  2:52  Stimpack  
  25  3:01  Marine  
  26  3:05  Factory Tech Lab  
  26  3:09  Factory  
  26  3:12  SCV  
  27  3:18  Marine  
  28  3:24  Supply Depot, SCV  
  29  3:38  SCV  
  30  3:45  Siege Tank  
  33  3:49  Marine x3  
  36  3:59  Supply Depot, Factory Tech Lab  
  36  4:05  Starport  
  36  4:07  Marine x2  
  38  4:16  Marine  
  39  4:28  Siege Tank  
  42  4:37  Marine x2  
  44  4:49  Siege Tank  
  45  5:02  Marine x3  
  37  5:16  Starport Reactor  
  37  5:20  Marine x2  
  36  5:38  Siege Tank x2  
  42  5:49  Marine x3  
  45  5:58  SCV  
  46  6:07  Marine  
  47  6:52  Command Center  
  47  7:03  Supply Depot  
  47  7:25  Marine x3, SCV  
  51  7:37  SCV  
  51  7:43  Marine  
  53  7:48  Marine x2  
  55  7:58  SCV  
  55  8:00  Marine  
  47  8:05  Marine  
  47  8:06  Marine  
  49  8:18  Marine  
  43  8:23  Marine x2  
  42  8:36  Marine  
  43  8:41  Marine x2  
  41  8:54  Marine  
  36  8:59  Marine x2  
  38  9:12  Marine  
  38  9:17  Marine x2  
  39  9:21  Cyclone x2  
  47  9:29  Marine  
  48  9:34  Marine  
  48  9:35  Marine  
  50  9:47  Marine  
Show
View Real Time Build Order
Export as new Build Order

BROKERONE Protoss 

Build Orders:  

Get SALT Encoding   

  12  0:02  Probe  
  13  0:23  Assimilator, Probe  
  14  0:35  Probe  
  15  0:45  Pylon  
  15  1:03  Probe  
  16  1:15  Gateway, Probe  
  16  1:17  Gateway  
  17  1:24  Gateway  
  17  1:28  Probe  
  17  1:40  Probe  
  18  1:52  Probe  
  19  1:57  Assimilator  
  19  2:03  Forge  
  19  2:30  Pylon  
  19  2:45  Zealot  
  19  2:46  Zealot  
  19  2:49  Zealot  
  25  2:54  Pylon  
  25  2:56  Cybernetics Core  
  25  2:57  Probe  
  26  3:09  Probe  
  27  3:14  Photon Cannon  
  27  3:16  Photon Cannon  
  27  3:36  Photon Cannon  
  27  3:39  Gateway  
  27  3:45  Stargate  
  27  3:50  Probe  
  28  4:02  Photon Cannon  
  28  4:14  Photon Cannon  
  27  4:51  Void Ray  
  31  4:59  Stargate  
  31  5:04  Stargate  
  31  5:16  Pylon  
  31  5:34  Probe  
  32  5:40  Void Ray  
  36  5:49  Pylon  
  36  5:57  Photon Cannon  
  36  6:02  Probe  
  37  6:07  Void Ray  
  41  6:14  Probe  
  42  6:47  Void Ray  
  46  6:58  Pylon  
  46  7:03  Pylon  
  46  7:16  Pylon  
  46  7:28  Warp Gate  
  46  7:32  Stalker x2  
  42  8:21  Pylon  
  41  8:29  Pylon  
Show
View Real Time Build Order
Export as new Build Order

Positive Protoss 

Build Orders: Cannon Rush 

Get SALT Encoding   

  12  0:01  Probe  
  13  0:13  Probe  
  14  0:22  Pylon  
  14  0:25  Probe  
  15  0:46  Pylon  
  15  0:49  Forge  
  15  0:51  Probe  
  16  0:59  Probe  
  17  1:07  Probe  
  18  1:13  Pylon  
  18  1:23  Pylon, Probe  
  19  1:35  Probe  
  19  1:37  Photon Cannon  
  20  1:43  Pylon  
  20  1:49  Photon Cannon  
  20  1:54  Photon Cannon  
  20  2:04  Photon Cannon  
  20  2:18  Pylon  
  20  2:25  Pylon  
  20  2:37  Photon Cannon  
  19  2:45  Pylon  
  15  3:02  Probe  
  12  3:10  Probe  
  12  3:19  Probe  
  11  3:27  Probe  
  12  3:35  Probe  
  12  3:40  Assimilator  
  13  3:43  Probe  
  14  3:52  Probe  
  14  4:02  Nexus  
  15  4:04  Probe  
  16  4:16  Probe  
  16  4:24  Probe  
  18  4:33  Probe  
  18  4:44  Gateway  
  18  4:46  Probe  
  16  5:11  Probe  
  16  5:17  Probe  
  16  5:19  Probe  
  18  5:25  Probe  
  19  5:28  Probe  
  21  5:36  Pylon  
  21  5:40  Probe  
  21  5:41  Probe  
  23  5:52  Probe  
  23  5:53  Probe  
  25  5:59  Cybernetics Core  
  25  6:02  Pylon, Probe  
  26  6:05  Probe  
  26  6:10  Probe  
  27  6:13  Probe  
  29  6:18  Probe  
  29  6:21  Probe  
  31  6:30  Assimilator, Probe  
  31  6:31  Probe  
  32  6:36  Warp Gate  
  33  6:41  Robotics Facility  
  33  6:42  Probe  
  33  6:46  Pylon  
  34  6:49  Probe  
  35  6:54  Probe  
  37  7:01  Probe  
  37  7:04  Probe  
  38  7:10  Pylon  
  38  7:12  Probe  
  38  7:13  Probe  
  39  7:16  Assimilator  
  39  7:20  Assimilator  
  39  7:21  Probe  
  40  7:24  Pylon  
  40  7:25  Probe  
  40  7:27  Stalker  
  40  7:28  Pylon  
  40  7:29  Immortal  
  48  7:33  Stargate  
  48  8:04  Probe  
  49  8:12  Immortal  
  53  8:15  Probe  
  53  8:17  Void Ray  
  58  8:22  Gateway  
  58  8:23  Gateway, Probe  
  58  8:25  Gateway, Probe  
  61  8:42  Stalker  
  62  9:00  Void Ray  
  62  9:02  Immortal  
  70  9:32  Pylon  
  70  9:35  Pylon  
  70  9:37  Pylon  
  70  9:50  Nexus  
Show
View Real Time Build Order
Export as new Build Order

Throwfordays Protoss - Winner!

Build Orders: Double Forge, Nexus First 

Get SALT Encoding   

  1  0:00  Probe  
  12  0:05  Probe  
  14  0:15  Probe  
  15  0:46  Nexus  
  15  0:53  Pylon  
  15  1:11  Probe  
  16  1:13  Assimilator  
  16  1:19  Gateway  
  16  1:23  Probe  
  17  1:35  Pylon  
  17  1:39  Probe  
  18  1:47  Probe  
  18  1:52  Forge  
  19  1:57  Probe  
  20  2:09  Probe  
  20  2:12  Zealot  
  23  2:17  Probe  
  24  2:23  Probe  
  24  2:27  Probe  
  26  2:35  Probe  
  27  2:39  Zealot, Probe  
  30  2:47  Probe  
  30  2:49  Gateway  
  31  2:51  Probe  
  31  2:53  Gateway  
  32  2:59  Probe  
  32  3:02  Pylon  
  33  3:11  Probe  
  34  3:23  Zealot  
  32  3:49  Cybernetics Core  
  32  3:51  Cybernetics Core  
  32  3:52  Forge  
  32  3:54  Photon Cannon  
  32  3:58  Zealot x3  
  32  3:59  Photon Cannon  
  38  4:11  Warp Gate  
  38  4:25  Zealot  
  40  4:41  Stargate  
  40  4:42  Protoss Ground Weapons Level 1  
  40  4:44  Assimilator  
  40  4:45  Protoss Ground Armor Level 1  
  40  4:46  Probe  
  40  4:48  Probe  
  42  4:54  Probe  
  43  5:00  Probe  
  43  5:01  Assimilator  
  43  5:04  Probe  
  43  5:05  Assimilator  
  45  5:12  Probe  
  46  5:16  Probe  
  45  5:28  Probe  
  40  5:40  Probe  
  40  5:41  Adept x3  
  47  5:46  Twilight Council  
  47  5:56  Photon Cannon  
  47  5:57  Photon Cannon  
  47  5:59  Photon Cannon, Probe  
  47  6:01  Photon Cannon, Probe  
  47  6:02  Photon Cannon  
  49  6:07  Pylon  
  49  6:11  Probe  
  49  6:13  Probe  
  51  6:23  Probe  
  51  6:25  Probe  
  53  6:26  Photon Cannon  
  53  6:29  Protoss Air Weapons Level 1, Photon Cannon, Protoss Air Armor Level 1  
  53  6:47  Nexus  
  53  6:50  Assimilator  
  53  6:52  Adept  
  53  6:53  Adept x2  
  59  6:54  Assimilator  
  59  6:55  Charge  
  59  7:03  Pylon  
  59  7:05  Pylon  
  59  7:08  Pylon  
  59  7:12  Pylon  
  59  7:14  Pylon  
  59  7:15  Pylon  
  59  7:17  Pylon  
  59  7:22  Pylon  
  59  7:23  Probe  
  59  7:25  Probe  
  61  7:32  Probe  
  61  7:33  Probe  
  62  7:40  Probe  
  62  7:41  Probe  
  64  7:46  Photon Cannon  
  64  7:48  Probe  
  64  7:50  Photon Cannon, Probe  
  65  7:54  Photon Cannon  
  65  7:56  Protoss Shields Level 1, Probe  
  65  7:57  Photon Cannon  
  65  7:58  Probe  
  67  8:05  Probe  
  69  8:07  Probe  
  71  8:13  Fleet Beacon  
  71  8:17  Probe  
  71  8:19  Probe  
  73  8:23  Probe  
  74  8:29  Probe  
  74  8:33  Probe  
  76  8:35  Probe  
  77  8:41  Probe  
  77  8:45  Stargate, Probe  
  77  8:46  Stargate  
  77  8:47  Probe  
  80  8:48  Stargate  
  80  8:50  Stalker  
  80  8:51  Stalker x2  
  86  9:04  Photon Cannon  
  86  9:08  Nexus  
  86  9:10  Pylon  
  86  9:13  Pylon  
  86  9:16  Assimilator  
  86  9:20  Assimilator  
  86  9:32  Probe  
  87  9:40  Probe x2  
  87  9:44  Probe  
  90  9:49  Probe  
  92  9:52  Probe  
  92  9:59  Photon Cannon  
  93  10:02  Photon Cannon  
  98  10:05  Photon Cannon  
Show
View Real Time Build Order
Export as new Build Order

Cthulhu Protoss - Winner!

Build Orders:  

Get SALT Encoding   

  12  0:00  Probe  
  13  0:08  Probe  
  14  0:16  Probe  
  15  0:23  Pylon  
  15  0:41  Probe  
  16  0:44  Gateway  
  16  0:48  Assimilator  
  16  1:03  Probe  
  16  1:07  Assimilator  
  17  1:11  Probe  
  17  1:12  Pylon  
  18  1:21  Forge  
  18  1:31  Zealot  
  20  1:39  Probe  
  21  1:55  Probe  
  21  2:00  Cybernetics Core  
  22  2:04  Zealot  
  24  2:14  Probe  
  25  2:58  Probe  
  25  3:02  Stargate  
  25  3:04  Zealot, Stargate  
  27  3:14  Nexus  
  20  3:38  Probe  
  21  3:45  Assimilator  
  21  3:50  Assimilator  
  21  3:52  Void Ray  
  21  3:53  Pylon  
  25  3:56  Void Ray  
  29  4:15  Photon Cannon  
  29  4:18  Probe  
  30  4:35  Void Ray  
  34  4:52  Probe x2  
  34  5:09  Probe  
  34  5:10  Void Ray, Probe  
  39  5:35  Probe x2  
  39  5:38  Void Ray  
  40  5:47  Probe  
  45  5:51  Void Ray  
  45  5:53  Probe  
  50  6:06  Probe  
  51  6:30  Pylon  
  51  6:39  Phoenix  
  53  6:48  Phoenix  
  55  7:04  Protoss Air Weapons Level 1  
  55  7:09  Phoenix  
  57  7:49  Phoenix  
  57  7:50  Phoenix  
  57  8:38  Phoenix x2  
  57  8:40  Probe  
  62  9:12  Phoenix, Probe  
  61  9:39  Probe  
  62  9:52  Pylon  
  62  9:53  Pylon  
  62  9:56  Pylon  
Show
View Real Time Build Order
Export as new Build Order

Faust Zerg - Winner!

Build Orders: Pool First, Muta Ling Bane 

Get SALT Encoding   

  12  0:01  Drone  
  13  0:08  Drone  
  14  0:18  Extractor, Drone  
  15  0:37  Overlord  
  15  0:47  Spawning Pool  
  14  1:05  Hatchery  
  14  1:09  Extractor  
  14  1:10  Drone  
  13  1:37  Zergling x4  
  13  1:38  Zergling x2, Queen  
  18  1:49  Spine Crawler  
  16  2:16  Queen  
  16  2:17  Metabolic Boost  
  16  2:51  Queen  
  18  3:00  Zergling x8  
  22  3:06  Zergling x2  
  21  3:15  Drone  
  21  3:16  Drone  
  23  3:33  Drone x3  
  26  3:48  Drone x2  
  26  3:54  Overlord  
  28  4:11  Overlord  
  28  4:17  Drone  
  28  4:18  Drone x3  
  30  4:42  Drone x2  
  30  4:43  Drone x3, Overlord  
  35  5:01  Lair  
  35  5:02  Baneling Nest  
  33  5:10  Drone x3  
  33  5:11  Drone x2  
  33  5:12  Drone x2  
  33  5:13  Drone  
  41  5:16  Drone  
  40  5:35  Hatchery  
  39  5:44  Extractor  
  39  5:45  Drone x3  
  39  5:49  Drone x4  
  45  5:57  Overlord x2  
  45  6:01  Centrifical Hooks  
  45  6:05  Drone  
  45  6:10  Drone x5  
  51  6:15  Overseer  
  51  6:17  Pneumatized Carapace  
  51  6:18  Burrow  
  51  6:21  Drone x2  
  53  6:25  Extractor  
  53  6:27  Extractor  
  53  6:30  Drone x6  
  53  6:32  Overlord  
  57  6:54  Evolution Chamber  
  56  6:56  Evolution Chamber  
  55  7:02  Overlord x3  
  55  7:04  Drone x2  
  55  7:07  Drone x6, Spire  
  55  7:08  Queen, Drone  
  65  7:10  Extractor  
  65  7:12  Extractor  
  63  7:16  Drone  
  63  7:17  Drone x2  
  63  7:22  Drone  
  67  7:25  Zerg Melee Weapons Level 1  
  67  7:26  Zerg Ground Armor Level 1  
  67  7:28  Drone  
  68  7:31  Drone x3  
  68  7:32  Drone x3  
  68  7:33  Drone  
  75  7:54  Infestation Pit  
  75  7:57  Spore Crawler  
  73  8:01  Spore Crawler x2  
  73  8:04  Spore Crawler  
  70  8:06  Spore Crawler  
  70  8:11  Drone x2  
  70  8:12  Drone x2  
  73  8:14  Spore Crawler, Drone x2  
  74  8:24  Overlord x6  
  74  8:25  Overlord x2  
  74  8:31  Hive  
  74  8:40  Hatchery  
  73  8:51  Zergling x2  
  73  8:52  Mutalisk  
  73  8:53  Mutalisk x9  
  94  8:56  Mutalisk  
  96  9:04  Zergling x14  
  103  9:13  Extractor x2  
  101  9:17  Overlord x4  
  102  9:31  Drone  
  102  9:32  Drone x5  
  107  9:38  Drone x2  
  109  9:53  Drone x3  
Tags
 
Add a new tag
Caveats
  • Supply blocks, unpowered buildings, or Contaminate may cause inaccurate times.
  • Supply counts are checked every 10 seconds.